AoeStats
← 76896859

Black Forest

503636827Analyzed
3v3 RM · 1mo ago on Sep 1, 2026· 51m 27s· 6 players
Game mode
Random Map
Map size
Normal (6 player)
Population
200
Speed
Normal
Resources
Standard
Victory
Conquest
Starting age
Dark Age
Ending age
Imperial Age
RankedLock teamsTeams togetherTeam positionsShared explorationLock speedFull tech treeHidden civsTurbo modeCheats
Victory
Defeat
🇹🇼 Franks · Taiwan
1034
+14
🇨🇳 Britons · China
1016
+15
🇨🇳 Turks · China
998
+16
🇲🇽 Spanish · Mexico
1018
-16
🇲🇽 Koreans · Mexico
1001
-15
🇲🇽 Shu · Mexico
971
-14
9630791
9:07 Loom
11:33 Feudal Age
16:41 Castle Age
15:57 Horse Collar
16:03 Double-Bit Axe
16:48 Bloodlines
18:33 Wheelbarrow
19:13 Bow Saw
26:16 Heavy Plow
27:30 Fletching
28:39 Hand Cart
29:27 Ballistics
29:08 Gold Mining
31:06 Gold Shaft Mining
33:50 Imperial Age
31:57 Stone Mining
32:34 Padded Archer Armor
32:44 Forging
32:40 Scale Barding Armor
33:38 Leather Archer Armor
34:07 Elite Janissary
35:53 Conscription
35:36 Artillery
36:53 Iron Casting
36:22 Husbandry
37:35 Two-Man Saw
37:45 Ring Archer Armor
37:36 Chain Barding Armor
39:12 Blast Furnace
40:21 Plate Barding Armor
39:42 Bodkin Arrow
43:53 Bracer
46:02 Fervor
46:13 Sanctity
46:39 Town Watch
Wilson
0:26 Loom
12:07 Feudal Age
12:56 Double-Bit Axe
16:53 Castle Age
22:40 Bow Saw
25:48 Caravan
26:31 Husbandry
27:30 Wheelbarrow
30:07 Wheelbarrow
32:48 Imperial Age
30:36 Gold Mining
31:21 Forging
31:16 Scale Barding Armor
33:14 Gold Shaft Mining
32:31 Stone Mining
32:59 Hand Cart
33:27 Iron Casting
32:52 Scale Mail Armor
33:56 Ballistics
33:12 Cavalier
35:28 Blast Furnace
34:52 Chain Barding Armor
35:21 Paladin
37:44 Conscription
37:43 Chivalry
38:28 Plate Barding Armor
42:09 Chemistry
41:14 Siege Engineers
76896859
2:19 Loom
13:30 Feudal Age
19:33 Castle Age
17:23 Double-Bit Axe
17:20 Horse Collar
19:15 Fletching
20:29 Wheelbarrow
20:35 Heavy Plow
20:47 Bow Saw
23:19 Hand Cart
28:10 Town Watch
30:04 Gold Mining
30:07 Stone Mining
33:40 Imperial Age
32:58 Gold Shaft Mining
33:02 Caravan
33:46 Yeomen
32:50 Pikeman
33:32 Squires
34:11 Town Patrol
34:05 Sappers
34:58 Conscription
34:54 Elite Skirmisher
37:02 Two-Man Saw
36:18 Bodkin Arrow
36:24 Padded Archer Armor
36:25 Scale Mail Armor
36:36 Forging
36:51 Ballistics
37:32 Chemistry
36:58 Elite Longbowman
38:13 Guilds
39:22 Siege Engineers
39:12 Murder Holes
40:32 Bracer
40:49 Leather Archer Armor
40:22 Treadmill Crane
40:09 Halberdier
46:52 Ring Archer Armor
48:23 Chain Mail Armor
48:45 Iron Casting
50:07 Plate Mail Armor
rodrigg2003
0:38 Loom
11:20 Feudal Age
12:19 Double-Bit Axe
16:09 Fletching
22:43 Castle Age
22:45 Wheelbarrow
24:46 Bodkin Arrow
26:20 Horse Collar
26:54 Bow Saw
27:19 Heavy Plow
28:18 Hand Cart
30:01 Gold Mining
32:27 Gold Shaft Mining
31:58 Stone Mining
34:25 Stone Shaft Mining
34:03 Fortified Wall
33:37 Treadmill Crane
34:07 Fortified Wall
36:33 Imperial Age
33:52 Town Watch
34:02 Elite Skirmisher
35:43 Town Patrol
36:32 Ballistics
35:46 Pikeman
37:39 Conscription
37:30 Bracer
37:39 Siege Engineers
37:53 Caravan
38:03 Heavy Rocket Cart
39:48 Chemistry
39:01 Masonry
40:17 Squires
39:38 Halberdier
47:29 Shinkichon
47:30 Conscription
BlackOwl
0:51 Loom
11:47 Feudal Age
12:36 Double-Bit Axe
15:52 Stone Mining
19:14 Horse Collar
21:54 Castle Age
23:52 Bow Saw
25:22 Gold Mining
29:22 Wheelbarrow
29:45 Stone Shaft Mining
30:54 Hand Cart
36:29 Imperial Age
35:32 Pikeman
35:58 Gambesons
36:13 Squires
37:16 Bloodlines
37:07 Husbandry
37:19 Fortified Wall
37:31 Ballistics
39:12 Chemistry
38:33 Caravan
38:27 Elite Conquistador
40:12 Conscription
40:20 Ballistics
41:21 Two-Man Saw
40:34 Fletching
40:44 Padded Archer Armor
40:52 Scale Barding Armor
46:24 Halberdier
47:59 Forging
47:49 Scale Mail Armor
Marcotangaloca
9:45 Feudal Age
10:15 Double-Bit Axe
21:09 Castle Age
21:28 Horse Collar
22:07 Bow Saw
22:01 Fletching
24:42 Crossbowman
25:25 Bodkin Arrow
25:44 Stone Mining
26:38 Wheelbarrow
26:17 Heavy Plow
28:50 Hand Cart
30:34 Gold Mining
31:10 Padded Archer Armor
33:18 Leather Archer Armor
36:20 Imperial Age
35:08 Caravan
35:57 Gold Shaft Mining
36:00 Ballistics
37:27 Bracer
38:33 Two-Man Saw
38:38 Chemistry
38:54 Ring Archer Armor
38:47 Arbalester
39:35 Thumb Ring
39:53 Siege Engineers
40:11 Coiled Serpent Array
39:47 Elite White Feather Guard
40:47 Forging
40:37 Scale Mail Armor
42:06 Pikeman
42:47 Squires
43:09 Halberdier
44:36 Chain Mail Armor
50:08 Conscription
Connection lost

Rejoining the realm…

Still unreachable

The connection could not be restored.

Session expired

The server has moved on; the page needs a fresh start.